 Dungeon Crawl Stone Soup version 0.20-a0-823-gdec668e (webtiles) character file.

119 Duffy the Chopper (level 4, -1/36 HPs)
             Began as a Demigod Gladiator on Mar 5, 2017.
             Slain by a leopard gecko (2 damage)
             ... on level 2 of the Dungeon.
             The game lasted 00:01:38 (2450 turns).

Duffy the Chopper (Demigod Gladiator)               Turns: 2450, Time: 00:01:38

Health: -1/36      AC:  6    Str: 19    XL:     4   Next: 47%
Magic:  6/6        EV: 12    Int: 12    God:
Gold:   74         SH:  0    Dex: 17    Spells: 3/3 levels left

rFire    . . .     SeeInvis .   a - +0 war axe
rCold    . . .     Gourm    .   k - +0 ring mail
rNeg     . . .     Faith    .   (no shield)
rPois    .         Spirit   .   c - +0 helmet
rElec    .         Reflect  .   (no cloak)
rCorr    .         Harm     .   (no gloves)
MR       .....                  (no boots)
Stlth    +.........             (no amulet)
Regen    0.2/turn               (no ring)
MPRegen  0.1/turn               (no ring)

@: drained
A: high mp 1
a: no special abilities


You were on level 2 of the Dungeon.
You were not hungry.

You visited 1 branch of the dungeon, and saw 2 of its levels.

You collected 74 gold pieces.

Inventory:

Hand Weapons
 a - a +0 war axe (weapon)
Missiles
 d - 3 throwing nets (quivered)
Armour
 c - a +0 helmet (worn)
 k - a +0 ring mail (worn)
Scrolls
 e - a scroll of magic mapping {unknown}
 h - a scroll of fear {unknown}
 m - 4 scrolls of identify {unknown}
 n - a scroll of remove curse {unknown}
Potions
 b - a potion of might
 g - a potion of magic {unknown}
 i - a potion of curing {unknown}
 j - a potion of mutation {unknown}
 l - a potion of degeneration {unknown}
Comestibles
 f - 3 bread rations
 o - a chunk of flesh


   Skills:
 - Level 1.7(1.2) Fighting
 + Level 5.0(4.4) Axes
 - Level 1.7(1.2) Throwing
 - Level 2.6(2.1) Dodging


You had 3 spell levels left.
You didn't know any spells.

Dungeon Overview and Level Annotations

Branches:
Dungeon (2/15)


Innate Abilities, Weirdness & Mutations

You have an increased reservoir of magic. (+10% MP)


Message History

You are too injured to fight recklessly!
A leopard gecko comes into view.
The leopard gecko hisses angrily.
The hobgoblin shouts!
The hobgoblin drinks a potion.
The hobgoblin seems to grow stronger.
The leopard gecko bites you but does no damage.
The hobgoblin closely misses you.
You hit the hobgoblin but do no damage.
Your ring mail prevents you from hitting the leopard gecko.
The leopard gecko bites you but does no damage.
The leopard gecko closely misses you. The hobgoblin hits you with a club!
You hit the hobgoblin.
The hobgoblin is heavily wounded.
You barely miss the leopard gecko. The leopard gecko bites you.
The hobgoblin hits you with a club! The leopard gecko barely misses you.
You barely miss the hobgoblin.
The hobgoblin is moderately wounded.
You miss the leopard gecko.
The hobgoblin hits you but does no damage.
The leopard gecko bites you.
You die...

.................##
.....................##
##...###+#.##.........##
.....###...#............
........####......##....
........####..?....#....
...........%....#.......
...............#..<...##
......g@.......#......#.
......l........#......#.
...#########.#.#......#.
. ..#.#......#.
....#......#. ... .. ..#
... ...


You could see a leopard gecko and a hobgoblin.

Vanquished Creatures
  2 gnolls (D:1)
  4 adders (D:2)
  3 worms (D:2)
  2 dart slugs
  A leopard gecko (D:2)
  3 giant cockroaches
  3 goblins
  7 hobgoblins
  2 jackals (D:1)
  10 kobolds
  2 quokkas (D:2)
  A ball python (D:1)
  3 bats (D:2)
  6 frilled lizards
  4 rats (D:1)
53 creatures vanquished.

Notes
Turn   | Place    | Note
-------+----------+-------------------------------------------
     0 | D:1      | Duffy the Demigod Gladiator began the quest for the Orb.
     0 | D:1      | Reached XP level 1. HP: 17/17 MP: 3/3
   129 | D:1      | Reached skill level 3 in Axes
   476 | D:1      | Reached XP level 2. HP: 24/24 MP: 4/4
   951 | D:1      | Reached XP level 3. HP: 25/29 MP: 5/5
  1173 | D:1      | Reached skill level 4 in Axes
  1506 | D:2      | Found a shadowy altar of Dithmenos.
  1878 | D:2      | Reached XP level 4. HP: 32/36 MP: 6/6
  2154 | D:2      | Reached skill level 5 in Axes
  2449 | D:2      | HP: 1/36 [hobgoblin/club (8)]
  2450 | D:2      | Slain by a leopard gecko

Vault maps used:
D:1:      dpeg_arrival_chase, kennysheep_flooded_box
D:2:      nicolae_dithmenos_shadow_blocks

Skill      XL: |  1  2  3  4 |
---------------+-------------+-----
Axes           | 3 4 5 |  5.0
Fighting       | |  1.7
Throwing       | |  1.7
Dodging        | |  2.6

Action                   |  1- 3 |  4- 6 || total
-------------------------+-------+-------++-------
Melee: War axe           |   100 |    44 ||   144
  Eat: Chunk             |     3 |     2 ||     5
Armor: Leather armour    |    18 |       ||    18
       Ring mail         |    28 |    15 ||    43
Dodge: Dodged            |    61 |    28 ||    89
